cohdb
Replays
Latest Replays
All Replays
Popular Replays
Top Player Replays
Match Explorer
How It Works
Community
CoH3 Stats
Reddit
Sign in to upload your games and track your stats! →
Sign in with Steam
Match 44709234
Unlisted
Match 44709234
Overview
Messages
Build Orders
End
Panzerpioneer Squad
Panzerpioneer Squad
250 Light Carrier
Construct Light Support Kompanie
MG34 Team
Combat Half-tracks
Fire Support Elements
Flakvierling Half-track
Assault Mechanized Group
Vehicle Survival Package
Construct Panzerarmee Kommand
Panzerjäger Squad
Flakvierling Half-track
2.5-tonne Medical Truck
Selects Panzerjäger Kommand Battlegroup
Selects Mine Fields
Selects Tank Busters
Assault Mechanized Group
_
^3
0
0
Comments
sign in to comment!
No comments posted yet!